 Dungeon Crawl Stone Soup version 0.29.1 (webtiles) character file.

Game seed: 3793093234261476776

130 keekatzer the Sneak (level 5, -2/30 HPs)
             Began as a Kobold Enchanter on Sept 11, 2022.
             Killed from afar by an orc wizard (8 damage)
             ... with a magic dart
             ... on level 3 of the Dungeon on Sept 12, 2022.
             The game lasted 00:12:41 (2713 turns).

keekatzer the Sneak (Kobold Enchanter)              Turns: 2713, Time: 00:12:41

Health: -2/30      AC:  6    Str:  5    XL:     5   Next: 36%
Magic:  1/9        EV: 18    Int: 16    God:
Gold:   201        SH:  0    Dex: 18    Spells: 4/9 levels left

rFire   x . .      SeeInvis .   l - +2 dagger (flame)
rCold   + . .      Faith    .   (no shield)
rNeg    . . .      Spirit   .   d - +2 leather armour {Will+}
rPois   .          Reflect  .   v - +0 helmet
rElec   .          Harm     .   (no cloak)
rCorr   .          Rampage  .   (no gloves)
Will    +....                   (no boots)
Stlth   ++++......              (no amulet)
HPRegen 0.10/turn               q - ring of ice
MPRegen 0.11/turn               u - +4 ring of evasion

@: no status effects
A: small, no large weapons, nightstalker 3
a: no special abilities


You were on level 3 of the Dungeon.
You visited 1 branch of the dungeon, and saw 4 of its levels.

You collected 201 gold pieces.

Inventory:

Hand Weapons
 a - a +1 dagger
 l - a +2 dagger of flaming (weapon)
 m - a +2 short sword of electrocution
Missiles
 r - 6 atropa-tipped darts (quivered)
 x - 2 boomerangs of dispersal
Armour
 d - a +2 leather armour of willpower (worn)
 v - a +0 helmet (worn)
Jewellery
 q - a ring of ice (left hand)
 s - a ring of ice
 u - a +4 ring of evasion (right hand)
Scrolls
 f - 3 scrolls of teleportation {unknown}
 h - 2 scrolls of identify {unknown}
 i - a scroll of summoning {unknown}
 j - 2 scrolls of poison {unknown}
 n - a scroll of enchant weapon {unknown}
 p - 2 scrolls of enchant armour {unknown}
 t - a scroll of vulnerability {unknown}
Potions
 b - a potion of curing {unknown}
 c - 2 potions of invisibility
 e - a potion of might {unknown}
 g - a potion of attraction {unknown}
 k - a potion of lignification {unknown}
 o - a potion of haste {unknown}
 w - a potion of heal wounds {unknown}


   Skills:
 + Level 2.1 Fighting
 + Level 2.3 Short Blades
 - Level 2.7 Dodging
 + Level 4.6 Stealth
 + Level 2.7 Spellcasting
 + Level 3.4 Hexes
 + Level 2.1 Ice Magic


You had 4 spell levels left.
You knew the following spells:

 Your Spells              Type           Power      Damage    Failure   Level
a - Ensorcelled Hibernat  Hex/Ice        32%        N/A       16%         2
b - Confusing Touch       Hex            13%        N/A       24%         3

Your spell library contained the following spells:

 Spells                   Type           Power      Damage    Failure   Level
 Tukima's Dance           Hex            13%        N/A       24%         3
 Dazzling Flash           Conj/Hex       14%        N/A       43%         3


Dungeon Overview and Level Annotations

Branches:
Dungeon (4/15)
 Temple: D:4-7

Altars:
Qazlal


Innate Abilities, Weirdness & Mutations

You are small and have problems with some larger weapons.
You are completely attuned to the shadows.


Message History

Something hits you but does no damage.
You miss something. Something hits you.
There is an open door, spattered with blood here.
Items here: )) [ †.
Something hits you.
There is a stone staircase leading up, spattered with blood here.
Something hits you but does no damage. x2
You climb upwards.
Reactivating autopickup.
There is a stone staircase leading down here.
Casting: Ensorcelled Hibernation (safe; 16% risk of failure)
Confirm with . or Enter, or press ? or * to list all spells.
You can't see any susceptible monsters within range! (Use Z to cast anyway.)
Casting: Ensorcelled Hibernation (safe; 16% risk of failure)
Confirm with . or Enter, or press ? or * to list all spells.
Aiming: Ensorcelled Hibernation (safe; 16% risk of failure)
Press: ? - help, Shift-Dir - straight line You feel a surge of power!
Nothing appears to happen.
Something barely misses you. Something hits you.
Deactivating autopickup; reactivate with Ctrl-A.
You miss something.
Something hits you but does no damage. x2
Casting: Ensorcelled Hibernation (safe; 16% risk of failure)
Confirm with . or Enter, or press ? or * to list all spells.
You can't see any susceptible monsters within range! (Use Z to cast anyway.)
You closely miss something. You barely miss something.
Something hits you but does no damage. Something hits you.
Casting: Ensorcelled Hibernation (safe; 16% risk of failure)
Confirm with . or Enter, or press ? or * to list all spells.
Aiming: Ensorcelled Hibernation (safe; 16% risk of failure)
Press: ? - help, Shift-Dir - straight line You feel a surge of power!
Nothing appears to happen.
Something hits you.
* * * LOW HITPOINT WARNING * * *
Something barely misses you.
You barely miss something.
You hear some strange, mumbled words.
A magic dart appears from out of thin air!
The magic dart hits you!
You die...

##### #....#.#.#.#.# ....#
##.###.#.#.#.# ....# #.#
#.#.#.#.# ....#
#.###.#.#.#.# ....#
#..##.#.#.#.#
....######.##.#.#.#.#
..............#...#.#
....########...{{##.######
....# #####@........#
....# #########.########
....# #...(..... ####
########## # # ###########
#.......... #.#########


There were no monsters in sight!

Vanquished Creatures
  An orc wizard (D:4)
  Robin (D:2)
  An adder (D:4)
  A worm (D:3)
  4 dart slugs
  2 orcs (D:4)
  4 ball pythons
  4 bats (D:1)
  8 endoplasms
  3 giant cockroaches
  7 goblins
  9 hobgoblins
  6 jackals
  3 quokkas
  6 kobolds
  7 rats
67 creatures vanquished.

Notes
Turn   | Place    | Note
-------+----------+-------------------------------------------
     0 | D:1      | keekatzer the Kobold Enchanter began the quest for the Orb.
     0 | D:1      | Reached XP level 1. HP: 10/10 MP: 3/3
     0 | D:1      | Upgraded the game from 0.29.0-15-g675c0067aa to 0.29.1
   355 | D:1      | Reached XP level 2. HP: 12/15 MP: 5/5
   369 | D:1      | Learned a level 2 spell: Ensorcelled Hibernation
   664 | D:1      | Found a faded altar of an unknown god.
   813 | D:1      | Reached skill level 1 in Ice Magic
   819 | D:1      | Reached XP level 3. HP: 17/20 MP: 3/6
   826 | D:1      | Reached skill level 1 in Fighting
  1318 | D:2      | Learned a level 3 spell: Confusing Touch
  1372 | D:2      | Noticed Robin
  1391 | D:2      | Killed Robin
  1392 | D:2      | Reached XP level 4. HP: 7/26 MP: 0/7
  2176 | D:3      | Found a stormy altar of Qazlal.
  2654 | D:4      | Reached XP level 5. HP: 30/30 MP: 5/8
  2713 | D:3      | Killed from afar by an orc wizard

Illustrated notes

Levels and vault maps discovered:
D:1:      scummos_arrival_checkerplants, layout_loops_ring,
          hellmonk_ecumenical_altar_inner_sanctum, minivault_26,
          minmay_pentomino_x4
D:2:      layout_rooms, uniq_robin
D:3:      layout_basic, nicolae_qazlal_general_emergency
D:4:      layout_gridville, ashenzari_conservatory_becter,
          cheibrodos_worm_habitat, minmay_temple_entry_mini_moons

Skill      XL: |  1  2  3  4 |
---------------+-------------+-----
Ice Magic      | 1 2 |  2.1
Fighting       | 1 2 |  2.1
Short Blades   | 2 |  2.3
Dodging        | |  2.7
Stealth        | |  4.6
Spellcasting   | |  2.7
Hexes          | |  3.4

Action                   |  1- 3 |  4- 6 || total
-------------------------+-------+-------++-------
Melee: Dagger            |   103 |    94 ||   197
 Cast: Ensorcelled Hiber |    11 |     9 ||    20
 Stab: Sleeping          |    20 |    18 ||    38
Armor: Robe              |     1 |       ||     1
       Leather armour    |    34 |    20 ||    54
Dodge: Dodged            |    90 |    68 ||   158
